 Dungeon Crawl Stone Soup version 0.22-a0-282-gdd34a7d (webtiles) character file.

27178 matakusis the Convoker (level 13, -4/56 HPs)
             Began as a Deep Elf Summoner on Mar 16, 2018.
             Was the Champion of Sif Muna.
             Slain by a spriggan rider
             ... wielding a +0 spear
              (27 damage)
             ... on level 6 of the Lair of Beasts on Mar 17, 2018.
             The game lasted 01:56:14 (19637 turns).

matakusis the Convoker (Deep Elf Summoner)         Turns: 19637, Time: 01:56:15

Health: -4/56      AC:  3    Str:  3    XL:     13   Next: 3%
Magic:  39/48      EV: 19    Int: 28    God:    Sif Muna [******]
Gold:   1115       SH:  0    Dex: 23    Spells: 4/41 levels left

rFire    + + +     SeeInvis .   P - staff of power
rCold    + + +     Gourm    .   (no shield)
rNeg     . . .     Faith    +   A - +1 robe {rF+}
rPois    +         Spirit   .   (no helmet)
rElec    .         Reflect  .   S - scarf {rC+ rF+}
rCorr    .         Harm     .   J - +1 pair of gloves
MR       ++...                  G - +1 pair of boots
Stlth    ++++......             j - amulet of faith
HPRegen  0.18/turn              Q - ring of Taply {MR+ AC-4 Int+2 Dex+6 Stlth+}
MPRegen  0.31/turn              a - ring "Fishral" {rPois rF++ rC+++ EV+6 Str-2}

@: no status effects
A: agile 1, frail 1
a: Divine Energy, Channel Magic, Forget Spell, Renounce Religion


You were on level 6 of the Lair of Beasts.
You worshipped Sif Muna.
Sif Muna was exalted by your worship.
You were not hungry.

You visited 3 branches of the dungeon, and saw 18 of its levels.
You also visited: Labyrinth.

You collected 1115 gold pieces.

Inventory:

Hand Weapons
 d - the +5 shortbow of the Extremes {flame, SInv}
   (You found it on level 2 of the Lair of Beasts)

   It causes projectiles fired from it to burn those they strike, causing extra
   injury to most foes and up to half again as much damage against particularly
   susceptible opponents.
   It lets you see invisible.
Missiles
 D - 195 arrows
 T - 113 stones (quivered)
Armour
 A - a +1 robe of fire resistance (worn)
 G - a +1 pair of boots (worn)
 J - a +1 pair of gloves (worn)
 S - a scarf of resistance (worn)
Magical Staves
 P - an uncursed staff of power (weapon)
Jewellery
 a - the ring "Fishral" (right hand) {rPois rF++ rC+++ EV+6 Str-2}
   (You found it on level 11 of the Dungeon)

   [ring of evasion]

   It affects your evasion (+6).
   It affects your strength (-2).
   It greatly protects you from fire.
   It renders you almost immune to cold.
   It protects you from poison.
 j - an amulet of faith (around neck)
 m - an uncursed ring of flight
 E - an uncursed ring of fire
 Q - the ring of Taply (left hand) {MR+ AC-4 Int+2 Dex+6 Stlth+}
   (You found it on level 1 of the Lair of Beasts)

   [ring of protection]

   It affects your AC (-4).
   It affects your intelligence (+2).
   It affects your dexterity (+6).
   It affects your resistance to hostile enchantments.
   It makes you more stealthy.
Wands
 n - a wand of flame (53)
 q - a wand of clouds (13)
 s - a wand of iceblast (9)
 t - a wand of scattershot (5)
 y - a wand of random effects (59)
 z - a wand of polymorph (30)
 C - a wand of digging (12)
 I - a wand of acid (27)
 L - a wand of paralysis (28)
Scrolls
 b - 4 scrolls of fear
 e - 9 scrolls of remove curse
 f - 4 scrolls of amnesia
 h - 5 scrolls of teleportation
 u - a scroll of enchant armour
 w - 2 scrolls of enchant weapon
 H - a scroll of fog
 K - 5 scrolls of identify
 R - a scroll of holy word
 U - a scroll of magic mapping
Potions
 g - 2 potions of invisibility
 i - 5 potions of agility
 k - 4 potions of brilliance
 l - a potion of berserk rage
 o - 5 potions of flight
 p - 4 potions of heal wounds
 r - 7 potions of lignification
 v - 7 potions of curing
 x - 4 potions of might
 B - a potion of ambrosia
 F - a potion of magic
 M - 2 potions of resistance
 N - 2 potions of cancellation
 V - 2 potions of haste
Comestibles
 c - 27 rations
 O - a chunk of flesh


   Skills:
 + Level 0.1 Staves
 - Level 2.4 Dodging
 - Level 2.4 Stealth
 + Level 14.7 Spellcasting
 * Level 16.8 Summonings
 + Level 9.9 Ice Magic
 - Level 1.0 Air Magic
 * Level 4.9 Poison Magic


You had 4 spell levels left.
You knew the following spells:

 Your Spells              Type           Power        Failure   Level  Hunger
b - Call Imp              Summ           #######.     0%          2    None
c - Summon Ice Beast      Ice/Summ       #######.     1%          4    None
d - Summon Lightning Spi  Summ/Air       ######..     1%          4    None
e - Poison Arrow          Conj/Pois      ####......   80%         6    ####...
f - Blink                 Tloc           N/A          3%          2    None
g - Summon Forest         Summ/Tloc      ######....   1%          5    None
h - Summon Horrible Thin  Summ           #######...   16%         8    #######
i - Shadow Creatures      Summ           N/A          1%          6    ####...


Dungeon Overview and Level Annotations

Branches:
Dungeon (11/15)            Temple (1/1) D:4            Lair (6/6) D:9
 Shoals (0/4) Lair:4       Spider (0/4) Lair:3        Slime (0/5) Lair:5
    Orc (0/2) D:9

Altars:
Ashenzari
Cheibriados
Dithmenos
Elyvilon
Fedhas
Gozag
Hepliaklqana
Kikubaaqudgha
Makhleb
Nemelex Xobeh
Okawaru
Qazlal
Ru
Sif Muna
Trog
Uskayaw
Vehumet
Wu Jian
Xom
Yredelemnul
Zin
The Shining One

Shops:
D:7 :


Innate Abilities, Weirdness & Mutations

You are agile. (Dex +2)
You are frail. (-10% HP)


Message History

The spiny frog stings your lightning spire but does no damage.
Something hits your lightning spire!!
The spiny frog stings your lightning spire but does no damage.
Your lightning spire shoots out a bolt of lightning at the spiny frog!
The bolt of electricity hits the spiny frog.
The bolt of electricity hits the spriggan.
You hear a bleat!
You hear an angry growl.
The spiny frog stings your lightning spire!
Your lightning spire is destroyed!
The spriggan rider hits you from afar with a spear!!
The wolf stops to sniff the ground.
The spriggan rider hits you from afar with a spear.
Casting: Summon Lightning Spire (safe; 1% risk of failure)
Confirm with . or Enter, or press ? or * to list all spells.
Aiming: Summon Lightning Spire (safe; 1% risk of failure)
Press: ? - help, Dir - move target cursor An electric hum fills the air.
The spriggan rider hits you from afar with a spear!!
You die...

.. ....♣♣♣ ♣♣♣♣♣
♣.YFi♣♣♣ ♣...♣♣♣ ♣8@♣♣
♣....(♣ ♣♣♣.♣♣♣ ♣.....♣
♣...♣♣♣♣..♣♣♣ .
♣♣....♣♣.♣♣ ♣.
♣♣♣♣♣.......♣♣ ..
♣♣♣......♣.....♣♣ ♣..
♣♣♣♣...♣♣♣♣♣♣♣.....♣♣..♣
♣♣♣.....♣♣ ♣♣♣♣♣....♣
♣♣♣♣.......♣♣ ♣♣..♣♣


You could see a spriggan rider, a yak, a spiny frog and a friendly lightning
spire.

Vanquished Creatures
  An unseen horror (Lab)
  A killer bee (D:11)
  A howler monkey (D:11)
  An orc wizard (D:6)
  A leopard gecko (D:8)
  An orc (D:8)
  A ball python (D:1)
  A giant cockroach (D:6)
  2 goblins
  A frilled lizard (D:1)
  A kobold (D:2)
12 creatures vanquished.

Vanquished Creatures (collateral kills)
  A minotaur (Lab)
  An ogre mage (D:11)
  4 hydras
  4 two-headed ogres
  A queen ant (Lair:2)
  A tengu warrior (D:11)
  7 death yaks
  Sonja (Lair:3)
  An ugly thing (D:11)
  A manticore (D:11)
  2 merfolk sirens (Lair:4)
  7 black mambas
  5 gargoyles
  9 spiny frogs
  2 centaur zombies
  A torpor snail (Lair:2)
  3 rime drakes
  2 hellwings (D:7)
  6 komodo dragons
  5 polar bears
  3 trolls (D:11)
  2 merfolk (Lair:4)
  2 hornets
  A meliai zombie (D:7)
  19 blink frogs
  8 hippogriffs
  8 dream sheep
  26 yaks
  A redback (Lab)
  3 spriggans (Lair:6)
  3 wyverns
  A dire elephant simulacrum (Lair:1)
  A vampire (D:10)
  A wraith (D:11)
  4 basilisks
  6 hungry ghosts (Lab)
  10 water moccasins
  9 soldier ants
  10 porcupines
  4 black bears
  4 ice beasts
  7 sky beasts
  7 orc warriors
  A boggart (Lair:6)
  3 phantoms
  A black mamba simulacrum (Lair:1)
  2 necrophages (D:11)
  12 ogres
  A centaur (D:7)
  9 wolves
  12 crocodiles
  2 big kobolds (D:11)
  A wyvern zombie (D:7)
  A gnoll sergeant (D:10)
  7 bullfrogs
  4 scorpions
  13 killer bees
  5 howler monkeys
  4 lava snakes (Lab)
  2 crimson imps
  2 hounds
  A bullfrog zombie (D:11)
  2 jellies
  A wyvern simulacrum (Lair:1)
  9 orc wizards
  A quasit (D:8)
  A bullfrog skeleton (D:10)
  5 orc priests
  7 centaur skeletons
  3 iguanas
  Natasha (thrice) (D:3)
  13 worker ants
  A howler monkey zombie (D:11)
  4 gnolls (D:10)
  2 howler monkey skeletons
  19 adders
  A crocodile simulacrum (Lair:1)
  4 shadow imps (D:7)
  An ooze (D:7)
  2 adder zombies (D:8)
  2 adder skeletons
  2 worms
  A dart slug (D:4)
  11 leopard geckos
  31 orcs
  A ball python (D:2)
  9 giant cockroaches
  9 goblins
  4 hobgoblins
  12 jackals
  6 quokkas
  3 bats
  3 frilled lizards
  11 kobolds
  2 rats (D:3)
  A fungus (Lair:4)
  A plant (Lair:2)
475 creatures vanquished.

Vanquished Creatures (others)
  4 fungi
  7 plants
  A snaplasher vine (Lair:6)
12 creatures vanquished.

Grand Total: 499 creatures vanquished

Notes
Turn   | Place    | Note
-------+----------+-------------------------------------------
     0 | D:1      | matakusis the Deep Elf Summoner began the quest for the Orb.
     0 | D:1      | Reached XP level 1. HP: 10/10 MP: 6/6
   613 | D:2      | Reached XP level 2. HP: 15/15 MP: 4/8
   631 | D:2      | Learned a level 2 spell: Call Imp
   637 | D:2      | Found a shimmering altar of Xom.
   726 | D:2      | Reached skill level 5 in Summonings
   952 | D:2      | Reached XP level 3. HP: 14/19 MP: 6/10
  1654 | D:3      | Noticed Natasha
  1663 | D:3      | Killed Natasha
  1663 | D:3      | Reached XP level 4. HP: 4/24 MP: 2/12
  1980 | D:3      | Noticed Natasha
  1988 | D:3      | Killed Natasha
  2035 | D:3      | Reached skill level 6 in Summonings
  2044 | D:3      | Noticed Natasha
  2061 | D:3      | Killed Natasha
  2561 | D:3      | Upgraded the game from 0.22-a0-280-g69bf1f3 to 0.22-a0-282-gdd34a7d
  2566 | D:3      | Learned a level 4 spell: Summon Ice Beast
  2571 | D:3      | Learned a level 4 spell: Summon Lightning Spire
  2747 | D:3      | Reached XP level 5. HP: 11/28 MP: 7/13
  2843 | D:3      | Found a bloodstained altar of Trog.
  3147 | D:4      | Reached skill level 5 in Spellcasting
  3250 | D:4      | Found a staircase to the Ecumenical Temple.
  3257 | Temple   | Entered the Ecumenical Temple
  3298 | Temple   | Became a worshipper of Sif Muna the Loreminder
  3684 | D:4      | Noticed a phantom
  3692 | D:4      | Killed a phantom
  4271 | D:5      | Entered Level 5 of the Dungeon
  4282 | D:5      | Noticed an ice beast
  4292 | D:5      | Killed an ice beast
  4292 | D:5      | Reached XP level 6. HP: 32/32 MP: 11/16
  4344 | D:5      | Reached skill level 1 in Ice Magic
  4432 | D:5      | Reached skill level 7 in Summonings
  4634 | D:5      | Noticed an ice beast
  4642 | D:5      | Killed an ice beast
  4642 | D:5      | Reached * piety under Sif Muna
  4908 | D:5      | Reached XP level 7. HP: 30/36 MP: 14/18
  4932 | D:5      | Found a hazy altar of Hepliaklqana.
  4946 | D:5      | Reached skill level 1 in Air Magic
  5146 | D:5      | Found a snail-covered altar of Cheibriados.
  5149 | D:5      | Found a sparkling altar of Nemelex Xobeh.
  5152 | D:5      | Found a basalt altar of Yredelemnul.
  5204 | D:6      | Found a shattered altar of Ashenzari.
  5206 | D:6      | Reached skill level 8 in Summonings
  5507 | D:6      | Reached ** piety under Sif Muna
  6260 | D:7      | Reached XP level 8. HP: 41/41 MP: 8/20
  6386 | D:7      | Noticed a hellwing
  6397 | D:7      | Killed a hellwing
  6397 | D:7      | Reached skill level 9 in Summonings
  6399 | D:7      | Noticed a hellwing
  6409 | D:7      | Killed a hellwing
  6563 | D:7      | Found a shimmering altar of Xom.
  6585 | D:7      | Reached *** piety under Sif Muna
  6666 | D:7      | Reached skill level 10 in Summonings
  6757 | D:7      | Found Alisaeg's Book Shoppe.
  7095 | D:7      | Reached XP level 9. HP: 45/45 MP: 16/23
  7131 | D:7      | Reached skill level 5 in Ice Magic
  7217 | D:8      | Noticed a gargoyle
  7219 | D:8      | Noticed a gargoyle
  7374 | D:8      | Found an ornate altar of the Wu Jian Council.
  7379 | D:8      | Reached **** piety under Sif Muna
  7389 | D:8      | Gained mutation: You are frail. (-10% HP) [potion of mutation]
  7389 | D:8      | Gained mutation: You are agile. (Dex +2) [potion of mutation]
  7515 | D:8      | Noticed a two-headed ogre
  7521 | D:8      | Killed a two-headed ogre
  7521 | D:8      | Reached skill level 11 in Summonings
  7672 | D:8      | Killed a gargoyle
  7762 | D:8      | Noticed a gargoyle
  7774 | D:8      | Killed a gargoyle
  7817 | D:8      | Reached skill level 10 in Spellcasting
  7862 | D:8      | Noticed a gargoyle
  8032 | D:8      | Killed a gargoyle
  8046 | D:8      | Killed a gargoyle
  8046 | D:8      | Reached ***** piety under Sif Muna
  8167 | D:8      | Identified Jiboaqet's Handbook of Changing (Sif Muna gifted it to you on level 8 of the Dungeon)
  8167 | D:8      | Received a gift from Sif Muna
  8498 | D:8      | Paralysed by a hornet for 2 turns
  8510 | D:8      | Reached XP level 10. HP: 28/45 MP: 15/26
  8710 | D:9      | Found a staircase to the Orcish Mines.
  8725 | D:9      | Found a staircase to the Lair.
  8750 | D:9      | Found a basalt altar of Yredelemnul.
  8757 | D:9      | Found an ancient bone altar of Kikubaaqudgha.
  8951 | D:10     | Entered Level 10 of the Dungeon
  8998 | D:10     | Noticed a two-headed ogre
  9009 | D:10     | Killed a two-headed ogre
  9009 | D:10     | Reached skill level 12 in Summonings
  9969 | D:11     | Got a vibrating bronze ring
  9971 | D:11     | Identified the ring "Fishral" {rPois rF++ rC+++ EV+6 Str-2} (You found it on level 11 of the Dungeon)
  9978 | D:11     | Noticed a gargoyle
  9991 | D:11     | Killed a gargoyle
 10171 | D:11     | Noticed a two-headed ogre
 10178 | D:11     | Killed a two-headed ogre
 10180 | D:11     | Identified Sif Muna's Reference Book on Damaging Cold (Sif Muna gifted it to you on level 11 of the Dungeon)
 10180 | D:11     | Received a gift from Sif Muna
 10184 | D:11     | Noticed an ogre mage
 10187 | D:11     | Killed an ogre mage
 10209 | D:11     | Reached skill level 13 in Summonings
 10215 | D:11     | Noticed a purple ugly thing
 10253 | D:11     | Noticed a two-headed ogre
 10265 | D:11     | Killed a purple ugly thing
 10296 | D:11     | Killed a two-headed ogre
 10429 | D:11     | Reached XP level 11. HP: 28/48 MP: 3/28
 10709 | D:11     | Noticed a tengu warrior
 10716 | D:11     | Killed a tengu warrior
 10776 | D:11     | Noticed a six-headed hydra
 10855 | D:11     | Killed a six-headed hydra
 11048 | D:11     | Got a smoking battleaxe
 11442 | D:11     | Reached skill level 14 in Summonings
 11511 | D:11     | Identified Hidyipetu's Tome of Shifting Venom (Sif Muna gifted it to you on level 11 of the Dungeon)
 11511 | D:11     | Received a gift from Sif Muna
 11523 | D:11     | Learned a level 6 spell: Poison Arrow
 11606 | Lair:1   | Entered Level 1 of the Lair of Beasts
 11898 | Lair:1   | Found a transporter.
 11931 | Lair:1   | Found a transporter.
 12103 | Lair:1   | Got a brightly glowing lapis lazuli ring
 12120 | Lair:1   | Identified the cursed ring of Taply {MR+ AC-4 Int+2 Dex+6 Stlth+} (You found it on level 1 of the Lair of Beasts)
 12750 | Lair:2   | Noticed an eight-headed hydra
 12756 | Lair:2   | Killed an eight-headed hydra
 12927 | Lair:2   | Noticed a queen ant
 12937 | Lair:2   | Killed a queen ant
 12937 | Lair:2   | Reached skill level 15 in Summonings
 12965 | Lair:2   | Received a gift from Sif Muna
 12970 | Lair:2   | Learned a level 2 spell: Blink
 13180 | Lair:2   | Reached skill level 1 in Poison Magic
 13387 | Lair:2   | Got an iridescent shortbow
 13388 | Lair:2   | Identified the +5 shortbow of the Extremes {flame, SInv} (You found it on level 2 of the Lair of Beasts)
 13529 | Lair:3   | Found a labyrinth entrance.
 13535 | Lab      | Entered a labyrinth
 13653 | Lab      | Noticed an unseen horror
 13692 | Lab      | Killed an unseen horror
 13868 | Lab      | Got a steaming hat
 13886 | Lab      | Identified the +0 hat of the Endless Expanse {Str+4 Int-3} (You found it in a labyrinth)
 15315 | Lab      | Noticed a minotaur
 15332 | Lab      | Killed a minotaur
 15591 | Lab      | Reached XP level 12. HP: 53/53 MP: 31/31
 16064 | Lair:3   | Noticed Sonja
 16076 | Lair:3   | Killed Sonja
 16128 | Lair:3   | Found a hole to the Spider Nest.
 16744 | Lair:4   | Noticed a death yak
 16746 | Lair:4   | Noticed a death yak
 16748 | Lair:4   | Noticed a death yak
 16754 | Lair:4   | Killed a death yak
 16760 | Lair:4   | Killed a death yak
 16760 | Lair:4   | Identified Cufuatt's Compendium of the Frigorific Entourage (Sif Muna gifted it to you on level 4 of the Lair of Beasts)
 16760 | Lair:4   | Received a gift from Sif Muna
 16761 | Lair:4   | Killed a death yak
 16769 | Lair:4   | Learned a level 5 spell: Summon Forest
 16778 | Lair:4   | Learned a level 8 spell: Summon Horrible Things
 16785 | Lair:4   | Learned a level 6 spell: Shadow Creatures
 17621 | Lair:4   | Found a staircase to the Shoals.
 17642 | Lair:4   | Reached skill level 16 in Summonings
 18219 | Lair:5   | Reached ****** piety under Sif Muna
 18323 | Lair:5   | Found a staircase to the Slime Pits.
 18863 | Lair:6   | Entered Level 6 of the Lair of Beasts
 18863 | Lair:6   | Noticed an eight-headed hydra
 19245 | Lair:6   | Noticed a death yak
 19248 | Lair:6   | Noticed a six-headed hydra
 19252 | Lair:6   | Killed a death yak
 19254 | Lair:6   | Killed a six-headed hydra
 19255 | Lair:6   | Noticed a death yak
 19258 | Lair:6   | Noticed a death yak
 19259 | Lair:6   | Noticed a death yak
 19260 | Lair:6   | Killed a death yak
 19263 | Lair:6   | Killed a death yak
 19264 | Lair:6   | Identified Agymuibb's Collected Works on Shifting Companions (Sif Muna gifted it to you on level 6 of the Lair of Beasts)
 19264 | Lair:6   | Received a gift from Sif Muna
 19265 | Lair:6   | Killed a death yak
 19314 | Lair:6   | Noticed a five-headed hydra
 19321 | Lair:6   | Killed a five-headed hydra
 19534 | Lair:6   | Reached XP level 13. HP: 56/56 MP: 32/33
 19637 | Lair:6   | Slain by a spriggan rider

Vault maps used:
D:1:      minmay_arrival_semitransparent, minmay_tromino_v7
D:2:      xom_teletrap_fun
D:3:      lemuel_coloured_pillars_altar, serial_curves, eino_curves_01,
          eino_curves_04, eino_curves_01, st_stairs_5, uniq_natasha
D:4:      minmay_temple_entry_hall
D:5:      lemuel_doored_altar, grunt_temple_overflow_diamond, first_ration
D:6:      ashenzari_altar_1
D:7:      cheibrodos_grave_circle, lemuel_crystal_altar, serial_shops, shop
D:8:      cheibrodos_statue_roulette, basic_altar, hangedman_pestilent_swarm,
          kennysheep_generic_room_6
D:9:      lair_entry_dummy, orc_0_dummy, basic_altar, yredelemnul_altar_generic
D:11:     cheibrodos_ideogram_h
Temple:   regret_index_temple_waves
Lair:1:   gammafunk_cloud_chamber
Lair:2:   wad_woods_antlair
Lair:3:   nicolae_spider_entry_non_spiders, lab_entry_generic, uniq_sonja
Lair:4:   elwin_shoals_entry_stream, grunt_megastairs_4
Lair:5:   slime_dummy
Lair:6:   minmay_lair_end_enchanted_forest, hangedman_lair_generics_rect,
          grunt_megastairs_2
Lab:      labyrinth_green, nicolae_lab_swirl, nicolae_lab_plus,
          labyrinth_fake_exit, nicolae_lab_dead_end, nicolae_lab_checkerboard,
          labyrinth_lava_lair

Skill      XL: |  1  2  3  4  5  6  7  8  9 10 11 12 |
---------------+-------------------------------------+-----
Summonings     | 5 6 7 8 10 11 13 15 16 | 16.8
Spellcasting   | 4 5 6 7 8 10 11 13 14 | 14.7
Ice Magic      | 2 3 4 7 8 9 |  9.9
Air Magic      | 1 |  1.0
Poison Magic   | 1 4 |  4.9
Staves         | |  0.1
Dodging        | |  2.4
Stealth        | |  2.4

Action                   |  1- 3 |  4- 6 |  7- 9 | 10-12 | 13-15 || total
-------------------------+-------+-------+-------+-------+-------++-------
Melee: Unarmed           |    27 |     5 |       |       |       ||    32
       Dagger            |       |       |    21 |       |       ||    21
       Staff             |       |       |       |     8 |       ||     8
 Fire: Shortbow          |       |       |     5 |    36 |       ||    41
 Cast: Summon Small Mamm |    28 |       |       |       |       ||    28
       Call Imp          |    32 |    29 |     6 |    14 |       ||    81
       Summon Ice Beast  |       |     9 |    52 |   175 |     2 ||   238
       Summon Lightning  |       |    14 |    37 |   132 |     3 ||   186
       Shadow Creatures  |       |       |       |     7 |       ||     7
       Summon Forest     |       |       |       |     2 |     1 ||     3
       Blink             |       |       |       |     2 |       ||     2
       Summon Horrible T |       |       |       |     1 |       ||     1
 Abil: Evoke Flight      |       |       |       |     1 |       ||     1
Evoke: Wand              |       |       |       |     5 |       ||     5
  Use: Scroll            |     9 |     5 |     7 |    26 |       ||    47
       Potion            |     5 |       |     3 |     4 |       ||    12
 Stab: Distracted        |       |       |       |     1 |       ||     1
  Eat: Chunk             |     3 |     6 |    10 |    26 |       ||    45
       Ration            |       |     2 |     1 |     3 |       ||     6
Armor: Robe              |    16 |     3 |    12 |    22 |     1 ||    54
Dodge: Dodged            |    41 |    31 |    30 |   121 |     1 ||   224

Table legend:
 A = Spawn XP
 B = Non-spawn XP
 C = Spawn XP percentage of total XP
 D = Spawn monster count
 E = Non-spawn monster count
 F = Spawn count percentage of total count
 G = Total turns spent on level
                    A         B        C        D         E        F      G
               +---------+---------+-------+---------+---------+-------+---------
         Total |       0 |   38826 |   0.0 |       0 |     485 |   0.0 | 19637
               +---------+---------+-------+---------+---------+-------+---------
           D:1 |       0 |      11 |   0.0 |       0 |      11 |   0.0 |   596
           D:2 |       0 |      37 |   0.0 |       0 |      19 |   0.0 |   878
           D:3 |       0 |     149 |   0.0 |       0 |      34 |   0.0 |  1467
           D:4 |       0 |     130 |   0.0 |       0 |      11 |   0.0 |  1179
           D:5 |       0 |     587 |   0.0 |       0 |      25 |   0.0 |   926
           D:6 |       0 |     291 |   0.0 |       0 |      13 |   0.0 |   810
           D:7 |       0 |    1702 |   0.0 |       0 |      21 |   0.0 |  1365
           D:8 |       0 |    2877 |   0.0 |       0 |      49 |   0.0 |  1192
           D:9 |       0 |     178 |   0.0 |       0 |       8 |   0.0 |   418
          D:10 |       0 |    1235 |   0.0 |       0 |      26 |   0.0 |  1029
          D:11 |       0 |    6529 |   0.0 |       0 |      77 |   0.0 |  1595
        Lair:1 |       0 |    1257 |   0.0 |       0 |      17 |   0.0 |   921
        Lair:2 |       0 |    4855 |   0.0 |       0 |      42 |   0.0 |   996
        Lair:3 |       0 |    2453 |   0.0 |       0 |      25 |   0.0 |   679
        Lair:4 |       0 |    3599 |   0.0 |       0 |      19 |   0.0 |  1214
        Lair:5 |       0 |    3365 |   0.0 |       0 |      30 |   0.0 |   965
        Lair:6 |       0 |    7241 |   0.0 |       0 |      43 |   0.0 |   756
           Lab |       0 |    2330 |   0.0 |       0 |      15 |   0.0 |  2500
               +---------+---------+-------+---------+---------+-------+---------
